 Dungeon Crawl Stone Soup version 0.29.1-1-gd02db69 (webtiles) character file.

Game seed: 3462819208772906723

586 Jonnyslop the Poker (level 7, -3/44 HPs)
             Began as a Gargoyle Fighter on Oct 24, 2022.
             Was an Initiate of Qazlal.
             Slain by a wyvern zombie (9 damage)
             ... in an ossuary.
             The game lasted 00:07:00 (3245 turns).

Jonnyslop the Poker (Gargoyle Fighter)              Turns: 3245, Time: 00:07:00

Health: -3/44      AC: 14    Str: 22    XL:     7   Next: 37%
Magic:  9/9        EV:  9    Int:  8    God:    Qazlal [......]
Gold:   141        SH:  4    Dex:  9    Spells: 6/6 levels left

rFire   . . .      SeeInvis .   a - +0 trident
rCold   . . .      Faith    .   c - +0 buckler
rNeg    + . .      Spirit   .   b - +0 scale mail
rPois   ∞          Reflect  .   i - +2 helmet
rElec   +          Harm     .   (no cloak)
rCorr   .          Rampage  .   (no gloves)
Will    .....                   (no boots)
Stlth   ..........              (no amulet)
HPRegen 0.14/turn               (no ring)
MPRegen 0.11/turn               (no ring)

@: no status effects
A: sickness immunity, AC +4, negative energy resistance 1, electricity
resistance, torment resistance 1, petrification resistance
a: Renounce Religion


You were in an ossuary.
You worshipped Qazlal.
Qazlal was noncommittal.
You visited 1 branch of the dungeon, and saw 4 of its levels.
You also visited: Ossuary.

You collected 141 gold pieces.

Inventory:

Hand Weapons
 a - a +0 trident (weapon)
Armour
 b - a +0 scale mail (worn)
 c - a +0 buckler (worn)
 i - a +2 helmet (worn)
Scrolls
 e - 2 scrolls of identify
 k - a scroll of magic mapping
 n - a scroll of amnesia {unknown}
 o - a scroll of teleportation
Potions
 h - 2 potions of attraction
 j - a potion of invisibility
 l - a potion of flight {unknown}
 m - a potion of haste {unknown}


   Skills:
 + Level 5.5 Fighting
 * Level 5.6 Polearms
 - Level 3.2 Armour
 - Level 3.2 Shields
 + Level 2.7 Invocations


You had 6 spell levels left.
You didn't know any spells.
Your spell library contained the following spells:

 Spells                   Type           Power      Damage    Failure   Level
 Gell's Gravitas          Tloc           0%         N/A       99%         3
 Teleport Other           Tloc           0%         N/A       99%         3
 Dispersal                Tloc           0%         N/A       100%        6


Dungeon Overview and Level Annotations

Branches:
Dungeon (4/15)            Ossuary (1/1)
 Temple: D:4-7

Altars:
Qazlal
Uskayaw


Innate Abilities, Weirdness & Mutations

You are immune to sickness and miasma.
Your stone body is resilient. (AC +4)
You are immune to poison.
You resist negative energy. (rN+)
You are resistant to electric shocks. (rElec)
You are resistant to unholy torment.
You are immune to petrification.


Message History

The wyvern zombie bites you but does no damage.
You barely miss the wyvern zombie.
The wyvern zombie is heavily damaged.
The wyvern zombie bites you.
* * * LOW HITPOINT WARNING * * *
You hit the wyvern zombie.
The wyvern zombie is heavily damaged.
You block the wyvern zombie's attack.
The wyvern zombie bites you but does no damage.
You hit the wyvern zombie.
The wyvern zombie is severely damaged.
You block the wyvern zombie's attack.
You barely miss the wyvern zombie.
The wyvern zombie is severely damaged.
The wyvern zombie bites you!
* * * LOW HITPOINT WARNING * * *
You block the wyvern zombie's attack.
You hit the wyvern zombie but do no damage.
The wyvern zombie is severely damaged.
You block the wyvern zombie's attack.
You feel better. The wyvern zombie bites you.
* * * LOW HITPOINT WARNING * * *
You hit the wyvern zombie.
The wyvern zombie is severely damaged.
The wyvern zombie bites you but does no damage.
You hit the wyvern zombie but do no damage.
The wyvern zombie is severely damaged.
The wyvern zombie bites you but does no damage.
The wyvern zombie bites you.
* * * LOW HITPOINT WARNING * * *
You puncture the wyvern zombie!
The wyvern zombie is almost destroyed.
The wyvern zombie bites you but does no damage.
You hit the wyvern zombie but do no damage.
The wyvern zombie is almost destroyed.
The wyvern zombie bites you but does no damage.
You hit the wyvern zombie.
The wyvern zombie is almost destroyed.
The wyvern zombie bites you!
You die...

#.# #.+
'.# #.+
###.#
#.'.+
#####.###
#∩..#.'.#
#.∩.'@###
#...#Z'.#
#####.###
.~.~~~..+
M.#~#~#+#
#. ~ ≈≈
#≈


You could see a wyvern zombie.

Vanquished Creatures
  An ogre (D:4)
  A scorpion (D:3)
  A water moccasin zombie (Ossuary)
  2 centaur zombies (Ossuary)
  2 bullfrog zombies (Ossuary)
  An orc wizard (D:3)
  9 mummies (Ossuary)
  2 adders
  A worm (D:2)
  2 orcs (D:3)
  5 bats
  7 endoplasms
  3 giant cockroaches
  6 hobgoblins
  5 jackals
  7 kobolds
  4 quokkas
  8 ball pythons
  A frilled lizard (D:1)
  7 goblins
  6 rats
81 creatures vanquished.

Vanquished Creatures (others)
  4 withered plants (Ossuary)
4 creatures vanquished.

Grand Total: 85 creatures vanquished

Notes
Turn   | Place    | Note
-------+----------+-------------------------------------------
     0 | D:1      | Jonnyslop the Gargoyle Fighter began the quest for the Orb.
     0 | D:1      | Reached XP level 1. HP: 14/14 MP: 1/1
    97 | D:1      | Reached XP level 2. HP: 16/19 MP: 2/2
   376 | D:1      | Reached XP level 3. HP: 24/24 MP: 3/3
  1159 | D:2      | Found a faded altar of an unknown god.
  1660 | D:3      | Noticed a scorpion
  1673 | D:3      | Killed a scorpion
  1674 | D:3      | Reached XP level 4. HP: 27/30 MP: 4/4
  1848 | D:3      | Reached XP level 5. HP: 34/34 MP: 5/5
  1943 | D:3      | Found a hide-covered altar of Uskayaw.
  2276 | D:3      | Found a stormy altar of Qazlal.
  2335 | D:3      | Became a worshipper of Qazlal Stormbringer
  2854 | D:4      | Noticed an ogre
  2860 | D:4      | Killed an ogre
  2861 | D:4      | Reached skill level 1 in Invocations
  2861 | D:4      | Reached XP level 6. HP: 31/40 MP: 6/6
  2871 | D:4      | Found a sand-covered staircase.
  2888 | Ossuary  | Entered an ossuary
  2950 | Ossuary  | Reached skill level 5 in Fighting
  2982 | Ossuary  | Reached skill level 5 in Polearms
  2991 | Ossuary  | HP: 2/40 [bog mummy (5)]
  3030 | Ossuary  | Reached XP level 7. HP: 27/44 MP: 8/8
  3238 | Ossuary  | HP: 2/44 [wyvern zombie (9)]
  3245 | Ossuary  | Slain by a wyvern zombie

Illustrated notes

Levels and vault maps discovered:
D:1:      ebering_trefoil_twist, layout_basic
D:2:      layout_loops_ring, hellmonk_ecumenical_altar_leap_of_faith,
          chequers_serial_rivers_micro_d
D:3:      layout_basic, nicolae_uskayaw_murder_on_the_dancefloor,
          nicolae_overflow_crystal_walls, serial_bayou_crossing
D:4:      layout_gridville, nicolae_ossuary_entry_false_entrances
Ossuary:  ossuary_zaba_flooded

Skill      XL: |  1  2  3  4  5  6 |
---------------+-------------------+-----
Polearms       | 2 3 4 5 |  5.6
Fighting       | 4 5 |  5.5
Invocations    | 1 2 |  2.7
Armour         | |  3.2
Shields        | |  3.2

Action                   |  1- 3 |  4- 6 |  7- 9 || total
-------------------------+-------+-------+-------++-------
Melee: Trident           |   108 |   151 |    55 ||   314
  Use: Scroll            |     7 |       |       ||     7
       Potion            |       |     3 |     1 ||     4
Armor: Scale mail        |    42 |    76 |    24 ||   142
Dodge: Dodged            |    24 |    57 |    18 ||    99
Block: Buckler           |     7 |    28 |    12 ||    47
